 Dungeon Crawl Stone Soup version 0.25-a0-435-g4b9beb1024 (webtiles) character file.

Game seed: 16084602520803404395, levelgen mode: deterministic

5871 MrRokkomies the Fighter (level 10, 0/89 HPs)
             Began as a Barachi Fighter on Jan 28, 2020.
             Was an Initiate of Nemelex Xobeh.
             Slain by a merfolk
             ... wielding a +0 spear
              (6 damage)
             ... on level 10 of the Dungeon on Jan 29, 2020.
             The game lasted 00:29:47 (10339 turns).

MrRokkomies the Fighter (Barachi Fighter)          Turns: 10339, Time: 00:29:48

Health: 0/89       AC: 12    Str: 18    XL:     10   Next: 81%
Magic:  12/12      EV:  8    Int: 10    God:    Nemelex Xobeh [......]
Gold:   682        SH:  8    Dex: 13    Spells: 9/9 levels left

rFire    + . .     SeeInvis .   a - +1 trident
rCold    . . .     Gourm    .   c - +0 shield
rNeg     . . .     Faith    .   o - +1 ring mail "Ezuemacwo" {rElec rPois}
rPois    +         Spirit   .   n - +0 helmet
rElec    +         Reflect  .   j - +1 cloak
rCorr    .         Harm     .   (no gloves)
MR       +....                  p - +0 pair of boots
Stlth    +.........             G - amulet of rage
HPRegen  0.24/turn              i - ring of protection from magic
MPRegen  0.13/turn              b - ring of protection from fire

@: very slightly contaminated, drained, invisible, slow
A: +LOS, swims, slowness 1, strong legs 1
a: Hop, Draw Escape, Draw Destruction, Draw Summoning, Renounce Religion, Evoke
Berserk Rage


You were on level 10 of the Dungeon.
You worshipped Nemelex Xobeh.
Nemelex Xobeh was noncommittal.
You were very hungry.

You visited 2 branches of the dungeon, and saw 11 of its levels.

You collected 682 gold pieces.

Inventory:

Hand Weapons
 a - a +1 trident (weapon)
Missiles
 g - 77 bolts
 q - 94 arrows
 t - 32 poisoned darts (quivered)
 v - 4 silver boomerangs
 A - 3 javelins
Armour
 c - a +0 shield (worn)
 j - a +1 cloak (worn)
 n - a +0 helmet (worn)
 o - the +1 ring mail "Ezuemacwo" (worn) {rElec rPois}
   (You found it on level 9 of the Dungeon)

   It insulates you from electricity.
   It protects you from poison.
   If you remove this armour, your AC will fall 7 points (12 -> 5)
 p - a +0 pair of boots (worn)
Jewellery
 b - a ring of protection from fire (right hand)
 e - an uncursed ring of see invisible
 i - a ring of protection from magic (left hand)
 G - an amulet of rage (around neck)
Wands
 m - a wand of digging (6)
 u - a wand of flame (14)
 w - a wand of disintegration (14)
 E - a wand of random effects (35)
Scrolls
 h - 3 scrolls of remove curse
 l - 2 scrolls of identify
 r - a scroll of immolation
 x - 3 scrolls of teleportation
 C - a scroll of enchant weapon
 H - a scroll of enchant armour
Potions
 d - a potion of curing
 s - 4 potions of lignification
 B - a potion of haste
 D - 2 potions of agility
 F - 2 potions of brilliance
Miscellaneous
 y - a phial of floods
Comestibles
 f - 9 rations


   Skills:
 + Level 11.7(10.6) Fighting
 * Level 10.1(9.1) Polearms
 + Level 9.1(8.1) Armour
 - Level 3.2(2.4) Shields
 * Level 3.4(2.5) Invocations


You had 9 spell levels left.
You didn't know any spells.
Your spell library contained the following spells:

 Spells                   Type           Power        Failure   Level  Hunger
 Animate Skeleton         Necr           N/A          97%         1    ##.....
 Beastly Appendage        Tmut           #.....       97%         1    ##.....
 Sticks to Snakes         Tmut           #.......     99%         2    ###....
 Spider Form              Tmut/Pois      #.........   100%        3    ####...
 Ice Form                 Ice/Tmut       #.......     100%        4    #####..
 Blade Hands              Tmut           #.........   100%        5    ######.


Dungeon Overview and Level Annotations

Branches:
Dungeon (10/15)            Temple (1/1) D:6
   Lair: D:8-11         Orc: D:9-12

Altars:
Ashenzari
Cheibriados
Dithmenos
Elyvilon
Fedhas
Gozag
Hepliaklqana
Kikubaaqudgha
Makhleb
Nemelex Xobeh
Okawaru
Qazlal
Ru
Sif Muna
Trog
Uskayaw
Vehumet
Wu Jian
Xom
Yredelemnul
Zin
The Shining One

Annotations:
D:4 2 transporters


Innate Abilities, Weirdness & Mutations

You can be seen from farther away. (+LOS)
You can swim through water.
You cover ground slowly.
You can hop short distances.


Message History

* * * LOW HITPOINT WARNING * * *
You block the jackal's attack.
You barely miss the jackal. The merfolk closely misses you.
The jackal barely misses you.
You closely miss the jackal. You block the jackal's attack.
The merfolk closely misses you. You block the jackal's attack.
You closely miss the jackal.
The merfolk hits you but does no damage.
The jackal closely misses you.
You closely miss the jackal.
The merfolk hits you but does no damage.
You block the jackal's attack.
You barely miss the jackal. You block the jackal's attack.
The merfolk barely misses you.
The jackal bites you but does no damage.
You puncture the jackal!
You kill the jackal!
The merfolk hits you from afar with a +0 spear.
You die...
Your body disappears without a glow.

#############
............
...........### #
h..........#†#(%#
...h.......'....#
......h..h.#≈≈≈≈# .
#########..######
...###########..######
............@†m........
........).#############
#########.#
#.#############
#..............
#..............
#.....=..........
#................
#................


You could see a merfolk.

Vanquished Creatures
  Nergalle (D:10)
  Maggie (D:10)
  A troll (D:10)
  2 hornets (D:8)
  A wyvern (D:10)
  Eustachio (D:6)
  A hungry ghost (D:10)
  A water moccasin (D:9)
  Duvessa (D:5)
  4 orc warriors
  An ice beast (D:10)
  A necrophage (D:8)
  3 phantoms
  5 ogres
  2 centaurs
  A big kobold (D:8)
  Blork the orc (D:4)
  A scorpion (D:4)
  Dowan (D:5)
  4 wights (D:10)
  3 howler monkeys
  5 hounds
  2 centaur zombies
  A centaur skeleton (D:10)
  2 bullfrog zombies (D:5)
  8 orc priests
  2 bullfrog skeletons
  5 jellies
  12 orc wizards
  Jessica (D:2)
  Natasha (thrice) (D:3)
  3 iguanas
  5 worker ants
  A hound zombie (D:5)
  Robin (D:2)
  2 worker ant zombies
  A howler monkey skeleton (D:5)
  8 gnolls
  12 adders
  6 shadow imps
  2 oozes
  3 adder zombies
  An adder skeleton (D:7)
  4 worms
  2 dart slugs
  8 leopard geckos
  17 orcs
  5 bats
  13 giant cockroaches
  12 goblins
  10 hobgoblins
  24 jackals
  16 kobolds
  3 quokkas
  4 ball pythons
  5 frilled lizards
  A giant cockroach zombie (D:5)
  A leopard gecko skeleton (D:5)
  2 quokka skeletons
  2 quokka zombies (D:5)
  12 rats
264 creatures vanquished.

Notes
Turn   | Place    | Note
-------+----------+-------------------------------------------
     0 | D:1      | MrRokkomies the Barachi Fighter began the quest for the
                  | Orb.
     0 | D:1      | Reached XP level 1. HP: 18/18 MP: 1/1
   155 | D:1      | Reached XP level 2. HP: 22/25 MP: 2/2
   302 | D:1      | Reached skill level 4 in Fighting
   394 | D:1      | Reached XP level 3. HP: 29/30 MP: 3/3
   641 | D:2      | Reached XP level 4. HP: 29/38 MP: 4/4
  1176 | D:1      | Reached skill level 5 in Fighting
  1305 | D:2      | Reached XP level 5. HP: 42/44 MP: 5/5
  1386 | D:2      | Found a glowing golden altar of the Shining One.
  1401 | D:2      | Noticed Jessica
  1405 | D:2      | Killed Jessica
  1423 | D:2      | Noticed Robin
  1443 | D:2      | Killed Robin
  2059 | D:3      | Noticed Natasha
  2064 | D:3      | Killed Natasha
  2064 | D:3      | Reached XP level 6. HP: 52/52 MP: 6/6
  2138 | D:3      | Noticed Natasha
  2143 | D:3      | Killed Natasha
  2156 | D:3      | Noticed Natasha
  2169 | D:3      | Killed Natasha
  2251 | D:3      | Found a sacrificial altar of Ru.
  2290 | D:3      | Reached skill level 6 in Fighting
  2319 | D:3      | Reached skill level 5 in Armour
  2899 | D:4      | Reached XP level 7. HP: 59/59 MP: 7/7
  3045 | D:4      | Found a shadowy altar of Dithmenos.
  3084 | D:4      | Reached skill level 5 in Polearms
  3384 | D:4      | Found a blossoming altar of Fedhas.
  3384 | D:4      | Found a shimmering altar of Xom.
  3406 | D:4      | Found a transporter.
  3416 | D:4      | Noticed a cyclops
  3417 | D:4      | Found a transporter.
  3432 | D:4      | Found a basalt altar of Yredelemnul.
  3456 | D:4      | Noticed Blork the orc
  3467 | D:4      | Reached skill level 7 in Fighting
  3476 | D:4      | Killed Blork the orc
  3796 | D:5      | Entered Level 5 of the Dungeon
  3954 | D:5      | Reached XP level 8. HP: 63/67 MP: 8/8
  4441 | D:5      | Reached skill level 8 in Fighting
  4571 | D:5      | Noticed Dowan
  4571 | D:5      | Noticed Duvessa
  4597 | D:5      | Killed Duvessa
  4744 | D:5      | Killed Dowan
  4941 | D:6      | Found a staircase to the Ecumenical Temple.
  4998 | Temple   | Entered the Ecumenical Temple
  5313 | D:6      | Noticed Eustachio
  5332 | D:6      | Killed Eustachio
  5332 | D:6      | Reached skill level 9 in Fighting
  5364 | D:6      | Reached XP level 9. HP: 74/76 MP: 9/9
  5596 | D:6      | Found a shimmering blue altar of Sif Muna.
  5609 | D:6      | Found an ancient bone altar of Kikubaaqudgha.
  5627 | D:6      | Identified Kikubaaqudgha's Compendium of Evil
  5635 | D:6      | Found a radiant altar of Vehumet.
  6253 | D:8      | Noticed a hornet
  6258 | D:8      | Paralysed by a hornet for 1 turns
  6269 | D:8      | Killed a hornet
  6269 | D:8      | Reached skill level 10 in Fighting
  6843 | D:8      | Noticed a hornet
  6864 | D:8      | Killed a hornet
  6941 | D:7      | Reached XP level 10. HP: 29/86 MP: 10/10
  7197 | D:8      | Reached skill level 11 in Fighting
  8246 | D:9      | Got a transparent ring mail
  8257 | D:9      | Identified the +1 ring mail "Ezuemacwo" {rElec rPois} (You
                  | found it on level 9 of the Dungeon)
  8834 | Temple   | Became a worshipper of Nemelex Xobeh the Trickster
  8934 | D:10     | Entered Level 10 of the Dungeon
  8934 | D:10     | Received a gift from Nemelex Xobeh
  8981 | D:10     | Noticed Nergalle
  9155 | D:10     | Noticed a spectral orc warlord
  9159 | D:10     | Killed Nergalle
  9898 | D:10     | Reached skill level 10 in Polearms
 10272 | D:10     | Noticed Maggie
 10295 | D:10     | Killed Maggie
 10322 | D:10     | HP: 4/89 [merfolk/+0 spear (8)]
 10333 | D:10     | HP: 4/89 [merfolk/+0 spear (9)]
 10339 | D:10     | Slain by a merfolk

Levels and vault maps discovered:
D:1:      onia_arrival_handbag, layout_basic, minmay_quantized
D:2:      minmay_chambers_of_twos, layout_loops_ring, lemuel_crystal_altar,
          minmay_worlds_worst_comb, uniq_jessica, uniq_robin
D:3:      layout_loops_ring, nicolae_ru_sacrificial_ziggurat, uniq_natasha
D:4:      layout_basic, gammafunk_temple_overflow_arena, lemuel_round_altar,
          gammafunk_temple_overflow_elements, uniq_blork_the_orc
D:5:      layout_loops_cross, serial_undead, serial_undead_a, serial_undead_e,
          serial_undead_d, serial_undead_e, first_ration, uniq_duvessa
D:6:      layout_rooms, palyth_temple_overflow_mages,
          minmay_temple_entry_water_ring, uniq_eustachio
D:7:      layout_cave_pools
D:8:      layout_loops_ring
D:9:      layout_loops_corners
D:10:     layout_long_grid, erik_orc_1, hangedman_fish_farm, uniq_maggie,
          uniq_nergalle
Temple:   cyrus_circular_temple

Skill      XL: |  1  2  3  4  5  6  7  8  9 10 |
---------------+-------------------------------+-----
Fighting       | 4 5 6 7 9 10 11 | 11.7
Armour         | 4 5 6 8 9 |  9.1
Polearms       | 3 4 5 7 9 10 | 10.1
Invocations    | 3 |  3.4
Shields        | |  3.2

Action                   |  1- 3 |  4- 6 |  7- 9 | 10-12 || total
-------------------------+-------+-------+-------+-------++-------
Melee: Trident           |   105 |   283 |   551 |   356 ||  1295
Throw: Dart              |       |       |    15 |    20 ||    35
       Throwing net      |       |       |     2 |       ||     2
Evoke: Wand              |       |       |    11 |       ||    11
  Use: Scroll            |       |     8 |     8 |     7 ||    23
       Potion            |       |       |     6 |     6 ||    12
 Stab: Held in net/web   |       |       |     1 |       ||     1
       Invisible         |       |       |       |     2 ||     2
       Distracted        |       |       |       |     1 ||     1
  Eat: Chunk             |       |     8 |    15 |     3 ||    26
       Ration            |       |       |       |     4 ||     4
Armor: Scale mail        |    50 |    97 |   230 |    34 ||   411
       Ring mail         |       |       |       |   105 ||   105
Dodge: Dodged            |    21 |    74 |   119 |    87 ||   301
Block: Shield            |    51 |   142 |   205 |   139 ||   537

Table legend:
 A = Non-vault XP
 B = Vault XP
 C = Vault XP percentage of total XP
 D = Non-vault monster count
 E = Vault monster count
 F = Vault count percentage of total count
                 A         B        C        D         E       F
            +---------+---------+-------+---------+---------+-------
      Total |    6221 |    2167 |  25.8 |     206 |      58 |  22.0
            +---------+---------+-------+---------+---------+-------
        D:1 |      75 |      18 |  19.4 |      20 |      12 |  37.5
        D:2 |     101 |      91 |  47.4 |      23 |      24 |  51.1
        D:3 |     286 |      37 |  11.5 |      27 |       1 |   3.6
        D:4 |     291 |      82 |  22.0 |      10 |       1 |   9.1
        D:5 |     418 |     359 |  46.2 |      16 |      13 |  44.8
        D:6 |     567 |     358 |  38.7 |      26 |       5 |  16.1
        D:7 |     509 |       0 |   0.0 |      13 |       0 |   0.0
        D:8 |    1742 |       0 |   0.0 |      33 |       0 |   0.0
        D:9 |     499 |       0 |   0.0 |      13 |       0 |   0.0
       D:10 |    1733 |    1222 |  41.4 |      25 |       2 |   7.4
            +---------+---------+-------+---------+---------+-------
